 Seeded DCSS version 0.31-a0-1612-g4aaf141004 (webtiles) character file.

Game seed: 560841995258110699 (custom seed)

10 Esekla the Grave Robber (level 2, 0/24 HPs)
             Began as a Formicid Necromancer on Jan 9, 2024.
             Was an Initiate of Ashenzari.
             Slain by a wyvern (9 damage)
             ... on level 7 of the Dungeon.
             The game lasted 00:04:35 (390 turns).

Esekla the Grave Robber (Formicid Necromancer)       Turns: 390, Time: 00:04:36

Health: 0/24       AC:  2    Str: 12    XL:     2   Next: 30%
Magic:  3/6        EV: 12    Int: 14    God:    Ashenzari [......]
Gold:   32         SH:  0    Dex: 14    Spells: 7/8 levels left

rFire   . . .        g - +0 whip
rCold   . . .        (no shield)
rNeg    . . .        a - +0 robe
rPois   .            (helmet unavailable)
rElec   .            (no cloak)
rCorr   .            (no gloves)
SInv    +            (no boots)
Will    .....        (no amulet)
Stlth   ++           (no ring)
HPRegen 0.24/turn    (no ring)
MPRegen 0.10/turn

%: no passive effects
@: no status effects
A: permanent stasis, dig shafts and tunnels, antennae 3, four strong arms
a: Dig, Shaft Self, Renounce Religion


You were on level 7 of the Dungeon.
You worshipped Ashenzari.
Ashenzari was noncommittal.
You visited 2 branches of the dungeon, and saw 7 of its levels.

You collected 32 gold pieces.

Inventory:

Hand Weapons
 g - a +0 whip (weapon)
Armour
 a - a +0 robe (worn)
Scrolls
 e - a scroll of noise {unknown}
Potions
 b - a potion of magic
 d - a potion of experience
 f - a potion of curing {unknown}


   Skills:
 * Level 3.1 Fighting
 * Level 2.7 Polearms
 * Level 3.1 Armour
 + Level 2.7 Dodging
 + Level 3.7 Stealth
 * Level 3.7 Spellcasting
 + Level 4.6 Necromancy


You had 7 spell levels left.
You knew the following spells:

 Your Spells              Type           Power      Damage    Failure   Level
a - Necrotise             Necr           60%        1d7       3%          1

Your spell library contained the following spells:

 Spells                   Type           Power      Damage    Failure   Level
 Vampiric Draining        Necr           15%        2d7       9%          3
 Animate Dead             Necr           15%        N/A       28%         4
 Curse of Agony           Necr           15%        N/A       63%         5


Dungeon Overview and Level Annotations

Branches:
Dungeon (7/15)             Temple (1/1) D:7

Altars:
Ashenzari
Cheibriados
Elyvilon
Hepliaklqana
Kikubaaqudgha
Makhleb
Okawaru
Ru
Sif Muna
Trog
Uskayaw
Vehumet
Xom
Zin
The Shining One


Innate Abilities, Weirdness & Mutations

You cannot be hasted, slowed, berserked, paralysed or teleported.
You can dig through walls and to a lower floor.
You have a pair of large antennae on your head. (SInv)
Your four strong arms can wield two-handed weapons with a shield.


Message History

You climb downwards.
Welcome to the Ecumenical Temple!
Found a burning altar of Makhleb.
Found a staircase back to the Dungeon.
There is a staircase back to the Dungeon here.
Found a sacrificial altar of Ru and a glowing golden altar of the Shining One.
Found a radiant altar of Vehumet.
There is a sacrificial altar of Ru here.
Found a hazy altar of Hepliaklqana.
Found a glowing silver altar of Zin and a snail-covered altar of Cheibriados.
Found a hide-covered altar of Uskayaw.
Found a broken altar of Ashenzari.
Found an iron altar of Okawaru.
There is a broken altar of Ashenzari here.
You kneel at the altar of Ashenzari.
Ashenzari welcomes you!
Ashenzari warns you of distant threats and treasures.
Ashenzari shows you where magical portals lie.
There is a staircase back to the Dungeon here.
It was a potion of lignification.
You turn into a tree.
Your +0 robe melds into your body.
Your roots penetrate the ground.
You start resting.
Your transformation is almost over.
You feel less wooden.
Your +0 robe unmelds from your body.
It was a potion of experience.
You feel more experienced!
Your Fighting skill gained 3 levels and is now at level 3!
Your Polearms skill gained 2 levels and is now at level 2!
Your Armour skill gained 3 levels and is now at level 3!
Your Dodging skill increases to level 2!
Your Stealth skill increases to level 3!
Your Spellcasting skill increases to level 3!
You have reached level 2!
You climb upwards.
Welcome back to the Dungeon!
The ogre shouts!
The orc shouts!
The wyvern completely misses you. The wyvern bites you!
Ouch! That really hurt!
There is a staircase to the Ecumenical Temple, spattered with blood here.
Okay, then.
The wyvern attacks as it pursues you! The wyvern closely misses you.
The wyvern bites you!
You die...

#......#
.###......#
.........#
#.......#
##.......####
#>.....o....#
#..OPoP...#
#...k.....# .
#....@....# ..
##...P....#
...#.........#
.............##
..#...........#
........#.<...#
..............#
#.............#
##............#


You could see a wyvern, an ogre and 2 orcs.

Vanquished Creatures
  An orc (D:6)
1 creature vanquished.

Notes
Turn   | Place    | Note
-------+----------+-------------------------------------------
     0 | D:1      | Esekla the Formicid Necromancer began the quest for the
                  | Orb.
     0 | D:1      | Reached XP level 1. HP: 13/13 MP: 3/3
    57 | D:1      | You fall into a shaft and drop 1 floor!
   141 | D:2      | You fall into a shaft and drop 1 floor!
   153 | D:3      | You fall into a shaft and drop 1 floor!
   229 | D:4      | Noticed a black bear
   233 | D:4      | You fall into a shaft and drop 2 floors!
   267 | D:7      | Found a staircase to the Ecumenical Temple.
   324 | D:7      | Noticed an ogre
   325 | D:7      | Noticed a wyvern
   329 | Temple   | Entered the Ecumenical Temple
   346 | Temple   | Became a worshipper of Ashenzari the Shackled
   386 | Temple   | Reached XP level 2. HP: 24/24 MP: 3/6
   390 | D:7      | Slain by a wyvern

Illustrated notes

Levels and vault maps discovered:
D:1:      ncdulo_smallfort, layout_loops_cross
D:2:      layout_loops_cross, ebering_ecumenical_altar_sacrificial
D:3:      minmay_skewed_foursquare, layout_basic, serial_bayou_pond_a
D:4:      layout_loops_ring
D:6:      layout_layer_cave, grunt_gozag_statues, serial_shops, shop,
          uniq_crazy_yiuf_cottage
D:7:      layout_rooms, minmay_temple_entry_overgrown
Temple:   eino_wide_crystal_templ

Skill      XL: |  1 |
---------------+----+-----
Fighting       | 3 |  3.1
Polearms       | 2 |  2.7
Armour         | 3 |  3.1
Dodging        | 2 |  2.7
Stealth        | 3 |  3.7
Spellcasting   | 3 |  3.7
Necromancy     | |  4.6

Action                     || total
---------------------------++-------
  Melee: Unarmed           ||     8
Ability: Shaft Self        ||     5
    Use: Potion            ||     2
 Armour: Robe              ||     7
  Dodge: Dodged            ||     7

Table legend: (Time is in decaauts)
 A = Elapsed time spent in this place.
 B = Non-inter-level travel time spent in this place.
 C = Inter-level travel time spent in this place.
 D = Time resting spent in this place.
 E = Time spent auto-exploring this place.
 F = Levels seen in this place.
 G = Mean time per level.
                   A        B        C        D        E       F      G
               +--------+--------+--------+--------+--------+-----+--------+
         Total |    389 |    389 |      0 |     37 |      0 |   7 |   55.6 |
       Dungeon |    330 |    330 |      0 |     15 |      0 |   6 |   55.0 |
        Temple |     58 |     58 |      0 |     22 |      0 |   1 |   58.0 |
               +--------+--------+--------+--------+--------+-----+--------+

Top non-repeatable levels by time:
     D:2: 83 daAuts
     D:4: 79 daAuts
     D:6: 62 daAuts
  Temple: 58 daAuts
     D:1: 57 daAuts
     D:7: 35 daAuts
     D:3: 11 daAuts
